 Dungeon Crawl Stone Soup version 0.18.1-50-g88ac8fd (webtiles) character file.

3553 Lovchig the Cleaver (level 9, 0/82 HPs)
             Began as a Deep Dwarf Fighter on Sept 16, 2016.
             Was a Follower of the Shining One.
             Slain by Gastronok (27 damage)
             ... on level 8 of the Dungeon.
             The game lasted 00:16:47 (5355 turns).

Lovchig the Cleaver (Deep Dwarf Fighter)            Turns: 5355, Time: 00:16:48

Health: 0/82       AC: 16    Str: 23    XL:     9   Next: 83%
Magic:  7/7        EV:  9    Int:  9    God:    the Shining One [*.....]
Gold:   350        SH: 11    Dex: 15    Spells: 0 memorised, 8 levels left

rFire  . . .     SeeInvis .     a - +0 war axe
rCold  . . .     Gourm    .     r - +0 chain mail
rNeg   . . .     Faith    .     c - +0 shield
rPois  .         Spirit   .     (no helmet)
rElec  .         Dismiss  .     D - +2 cloak
rCorr  .         Reflect  .     (no gloves)
SustAt .         Harm     .     o - +0 pair of boots
MR     ++...                    (no amulet)
Stlth  ..........               E - +3 ring of dexterity
                                j - ring of protection from magic

@: non-regenerating, slowed, glowing, very slow, very resistant to hostile
enchantments, extremely unstealthy
A: damage resistance, recharge devices, molten scales 1, deterioration 1, sense
surroundings 2, slow regeneration 3, subdued magic 1
a: Device Recharging, Renounce Religion


You were on level 8 of the Dungeon.
You worshipped the Shining One.
The Shining One was aware of your devotion.
You were hungry.

You visited 2 branches of the dungeon, and saw 9 of its levels.

You collected 350 gold pieces.

Inventory:

Hand Weapons
 a - a +0 war axe (weapon)
 d - a +1 falchion of flaming
Armour
 c - a +0 shield (worn)
 o - a +0 pair of boots (worn)
 r - a +0 chain mail (worn)
 D - a +2 cloak (worn)
Jewellery
 j - a ring of protection from magic (left hand)
 E - a +3 ring of dexterity (right hand)
Wands
 e - a wand of heal wounds (3/9)
 q - a wand of polymorph (5/24)
 y - a wand of iceblast (7/15)
 C - a wand of slowing (24/48)
Scrolls
 g - 3 scrolls of teleportation
 n - a scroll of magic mapping
 p - 2 scrolls of remove curse
 w - a scroll of recharging
Potions
 i - a potion of brilliance
 k - 2 potions of lignification
 l - 3 potions of curing
 s - a potion of agility
 t - a potion of resistance {unknown}
 z - 2 potions of ambrosia {unknown}
 A - a potion of might
Comestibles
 b - 3 chunks of flesh
 f - 7 bread rations
 h - 2 meat rations
 m - 9 fruits
 u - a beef jerky


   Skills:
 * Level 6.1 Fighting
 * Level 8.4 Axes
 * Level 7.8 Armour
 * Level 5.0 Dodging
 + Level 0.3 Stealth
 * Level 7.8 Shields
 + Level 0.6 Evocations


You had 8 spell levels left.
You didn't know any spells.

Dungeon Overview and Level Annotations

Branches:
Dungeon (8/15)             Temple (1/1) D:5
   Lair: D:8-11

Altars:
Ashenzari
Cheibriados
Dithmenos
Elyvilon
Gozag
Kikubaaqudgha
Makhleb
Nemelex Xobeh
Okawaru
Pakellas
Qazlal
Ru
Sif Muna
Trog
Vehumet
Xom
Yredelemnul
Zin
The Shining One

Shops:
D:6 !

Annotations:
D:8 Gastronok


Innate Abilities, Weirdness & Mutations

You are resistant to damage.
You can recharge devices by infusing magical energy.
You passively map the area around you.
You do not regenerate naturally.
You are partially covered in molten scales (AC +1).
Your body sometimes deteriorates upon taking damage.
Your spells are a little easier to cast, but a little less powerful.


Message History

The rat's corpse disappears in a puff of smoke!
You slash the crimson imp!
The crimson imp is heavily wounded.
The crimson imp misses you. Gastronok bites you!!
You slice Gastronok!!
Gastronok is moderately wounded.
Your chain mail prevents you from hitting the crimson imp.
The crimson imp is heavily wounded.
The crimson imp blinks!
The crimson imp barely misses you.
Unknown command.
You slash Gastronok!
Gastronok is moderately wounded.
You hit the crimson imp but do no damage.
The crimson imp is moderately wounded.
The crimson imp hits you but does no damage.
Gastronok completely misses you.
The crimson imp blinks!
You hit Gastronok.
Gastronok is heavily wounded.
Gastronok bites you!!
You die...

,, ** #........##>#
#....# #........##.# *
,, #..?.# #......<.##.#
* ,* #....#
#........##.# * *
#....# #........##)( ,
, , * #....#
#.......#..(# **
#....###.........###
.#####.r.............##
,..5....w@...........##
.......###....####..# ,
..%.... #....# #.## * *
.......* #<...# #.# *,
,....... #....# #.# ,
....... #....####.# ,
####### #.........# ,
#....###..# , * *
###### ##.#


You could see Gastronok, a crimson imp and a river rat.

Vanquished Creatures
  Joseph (D:8)
  The ghost of Turgon the Quickloader, a novice KoHu (D:8)
  Prince Ribbit (D:7)
  Sigmund (D:3)
  Eustachio (D:5)
  A steam dragon (D:7)
  A hungry ghost (D:8)
  5 ogres
  A necrophage (D:6)
  A phantom (D:3)
  3 sky beasts
  A centaur (D:6)
  2 giant frogs
  2 scorpions (D:5)
  5 killer bees (D:7)
  3 giant frog zombies
  A hound (D:4)
  A centaur skeleton (D:8)
  A giant frog skeleton (D:6)
  4 orc priests
  Crazy Yiuf (D:7)
  3 iguanas
  4 orc wizards
  2 worker ants
  2 worker ant zombies
  5 adders
  An ooze (D:1)
  An adder skeleton (D:7)
  An adder zombie (D:8)
  3 worms
  2 dart slugs (D:1)
  4 giant geckos
  29 orcs
  A ball python (D:3)
  8 giant cockroaches
  6 goblins
  7 hobgoblins
  6 kobolds
  2 quokkas
  5 bats
  4 giant newts
  A quokka skeleton (D:4)
  7 rats
142 creatures vanquished.

Notes
Turn   | Place    | Note
--------------------------------------------------------------
     0 | D:1      | Lovchig the Deep Dwarf Fighter began the quest for the Orb.
     0 | D:1      | Reached XP level 1. HP: 20/20 MP: 1/1
    34 | D:1      | Reached XP level 2. HP: 27/27 MP: 2/2
   919 | D:2      | Found a sacrificial altar of Ru.
   926 | D:2      | Reached XP level 3. HP: 28/33 MP: 3/3
  1003 | D:2      | Found a faded altar to an unknown god.
  1593 | D:3      | Noticed Sigmund
  1604 | D:3      | Reached XP level 4. HP: 39/42 MP: 4/4
  1611 | D:3      | Reached skill level 1 in Dodging
  1640 | D:3      | Killed Sigmund
  1640 | D:3      | Reached skill level 3 in Axes
  1640 | D:3      | Reached XP level 5. HP: 21/49 MP: 5/5
  1640 | D:3      | Reached XP level 6. HP: 24/56 MP: 6/6
  1802 | D:3      | Found a bloodstained altar of Trog.
  1824 | D:3      | Reached skill level 5 in Shields
  1832 | D:3      | Found a shimmering altar of Xom.
  1845 | D:3      | Found a shadowy altar of Dithmenos.
  1848 | D:3      | Found an ancient bone altar of Kikubaaqudgha.
  1849 | D:3      | Found a glowing silver altar of Zin.
  2643 | D:4      | Found an oddly glowing altar of Pakellas.
  2659 | D:4      | Reached skill level 5 in Armour
  2715 | D:4      | Found a glowing golden altar of the Shining One.
  2727 | D:4      | Became a worshipper of the Shining One
  2748 | D:4      | Reached skill level 4 in Axes
  2748 | D:4      | Reached XP level 7. HP: 39/63 MP: 7/7
  3063 | D:5      | Entered Level 5 of the Dungeon
  3394 | D:5      | Reached skill level 5 in Axes
  3394 | D:5      | Reached XP level 8. HP: 28/73 MP: 8/8
  3427 | D:5      | Found a staircase to the Ecumenical Temple.
  3428 | D:5      | Gained mutation: You are weak. (Str -2) [mutagenic meat]
  3437 | Temple   | Entered the Ecumenical Temple
  3711 | D:5      | Noticed Eustachio
  3720 | D:5      | Killed Eustachio
  3720 | D:5      | Reached * piety under the Shining One
  3982 | D:6      | Found Soqidol's Distillery.
  3990 | D:6      | Reached skill level 5 in Fighting
  3990 | D:6      | Reached skill level 6 in Axes
  4041 | D:6      | Found a deep blue altar of Sif Muna.
  4540 | D:7      | Noticed Prince Ribbit
  4550 | D:7      | Killed Prince Ribbit
  4550 | D:7      | Gained mutation: You passively map the area around you. [Deep Dwarf growth]
  4550 | D:7      | Reached XP level 9. HP: 50/81 MP: 7/7
  4681 | D:7      | Reached skill level 7 in Axes
  4876 | D:7      | Noticed Crazy Yiuf
  4882 | D:7      | Killed Crazy Yiuf
  5059 | D:7      | Gained mutation: Your spells are a little easier to cast, but a little less powerful. [potion of mutation]
  5059 | D:7      | Lost mutation: You are weak. (Str -2) [potion of mutation]
  5059 | D:7      | Gained mutation: Your body sometimes deteriorates upon taking damage. [potion of mutation]
  5060 | D:7      | Gained mutation: You are partially covered in molten scales (AC +1). [potion of mutation]
  5135 | D:8      | Noticed Joseph
  5160 | D:8      | Killed Joseph
  5206 | D:8      | Reached skill level 8 in Axes
  5321 | D:8      | Noticed Turgon's ghost (novice KoHu)
  5325 | D:8      | Noticed Gastronok
  5350 | D:8      | Killed Turgon's ghost
  5350 | D:8      | Reached skill level 5 in Dodging
  5355 | D:8      | Slain by Gastronok

Skill      XL: |  1  2  3  4  5  6  7  8  9 |
---------------+----------------------------+-----
Fighting       | 3 4 5 6 |  6.1
Armour         | 4 5 6 7 |  7.8
Shields        | 4 5 6 7 |  7.8
Dodging        | 2 3 4 5 |  5.0
Axes           | 3 4 5 6 8 |  8.4
Stealth        | |  0.3
Evocations     | |  0.6

Action                   |  1- 3 |  4- 6 |  7- 9 || total
-------------------------+-------+-------+-------++-------
Melee: War axe           |   117 |   199 |   303 ||   619
 Abil: Device Recharging |       |       |     2 ||     2
Evoke: Wand              |     2 |     3 |    10 ||    15
  Use: Potion            |       |     1 |     2 ||     3
       Scroll            |       |     7 |     8 ||    15
  Eat: Chunk             |     2 |     5 |     9 ||    16
Armor: Scale mail        |    48 |       |       ||    48
       Chain mail        |     5 |    88 |   116 ||   209
Dodge: Dodged            |    34 |    54 |   111 ||   199
Block: Shield            |    62 |   118 |   198 ||   378
